 Dungeon Crawl Stone Soup version 0.31-a0-83-gbff143cfd1 (webtiles) character file.

Game seed: 4600422551134567616

1794 Esekla the Covert (level 9, -1/62 HPs)
             Began as an Octopode Delver on May 24, 2023.
             Was an Initiate of Gozag.
             Slain by a sky beast (5 damage)
             ... on level 7 of the Dungeon.
             The game lasted 00:26:31 (7481 turns).

Esekla the Covert (Octopode Delver)                 Turns: 7481, Time: 00:26:31

Health: -1/62      AC:  1    Str: 11    XL:     9   Next: 9%
Magic:  10/13      EV: 14    Int: 22    God:    Gozag
Gold:   978        SH:  5    Dex: 14    Spells: 11/14 levels left

rFire   . . .        a - +0 double sword
rCold   + . .        (no shield)
rNeg    . . .        (helmet restricted)
rPois   .            A - amulet of reflection
rElec   .            k - ring of protection from cold
rCorr   +            u - ring of willpower
SInv    .            x - ring of resist corrosion
Will    +....        D - +6 ring of intelligence
Stlth   +++++        (no ring)
HPRegen 0.30/turn    (no ring)
MPRegen 0.13/turn    (no ring)
                     (no ring)

%: reflection
@: freezing walls
A: almost no armour, amphibious, 8 rings, camouflage 1, gelatinous body 1,
(nimble swimmer 1), tentacles
a: Renounce Religion, Potion Petition, Call Merchant, Bribe Branch


You were on level 7 of the Dungeon.
You worshipped Gozag.
Gozag was pleased with you.
You visited 2 branches of the dungeon, and saw 8 of its levels.

You collected 978 gold pieces.

Inventory:

Hand Weapons
 a - a +0 double sword (weapon)
 r - a +0 trident
 s - a +1 dagger of venom
Missiles
 j - 2 curare-tipped darts
 l - a throwing net
 o - 4 boomerangs (quivered)
 y - 4 poisoned darts
Jewellery
 k - a ring of protection from cold (left tentacle)
 u - a ring of willpower (right tentacle)
 x - a ring of resist corrosion (on tentacle)
 A - an amulet of reflection (around mantle)
 D - a +6 ring of intelligence (on tentacle)
Wands
 f - a wand of digging (3)
Scrolls
 b - a scroll of fog
 c - 2 scrolls of vulnerability {unknown}
 h - a scroll of enchant armour {unknown}
 i - 6 scrolls of identify {unknown}
 m - a scroll of fear
 p - a scroll of summoning {unknown}
 q - a scroll of enchant weapon {unknown}
 w - a scroll of magic mapping
 z - a scroll of blinking {unknown}
 B - a scroll of poison {unknown}
 F - a scroll of teleportation {unknown}
Potions
 d - 2 potions of might {unknown}
 e - a potion of haste
 g - a potion of curing
 n - a potion of invisibility {unknown}
 t - 2 potions of enlightenment {unknown}
 v - a potion of degeneration {unknown}
 C - a potion of attraction {unknown}
 E - 2 potions of magic {unknown}
 G - a potion of ambrosia {unknown}
 H - a potion of mutation {unknown}
 I - a potion of brilliance {unknown}


   Skills:
 * Level 5.8 Fighting
 + Level 2.1(4.5) Short Blades
 * Level 6.2(6.4) Long Blades
 + Level 0.7 Throwing
 * Level 4.4 Dodging
 + Level 8.8 Stealth
 + Level 0.3 Shields
 + Level 0.2 Unarmed Combat
 * Level 3.2 Spellcasting
 * Level 3.3 Ice Magic


You had 11 spell levels left.
You knew the following spells:

 Your Spells              Type           Power      Damage    Failure   Level
r - Frozen Ramparts       Ice            36%        1d6       10%         3

Your spell library contained the following spells:

 Spells                   Type           Power      Damage    Failure   Level
 Freeze                   Ice            72%        1d8       3%          1
 Hailstorm                Conj/Ice       9%         3d4       22%         3
 Summon Guardian Golem    Hex/Summ       1%         N/A       41%         3
 Orb of Destruction       Conj           1%         9d5       100%        7
 Spellforged Servitor     Conj/Summ      0%         N/A       100%        7


Dungeon Overview and Level Annotations

Branches:
Dungeon (7/15)             Temple (1/1) D:5

Altars:
Ashenzari
Cheibriados
Dithmenos
Fedhas
Gozag
Hepliaklqana
Nemelex Xobeh
Okawaru
Qazlal
Ru
Vehumet
Wu Jian
Yredelemnul
The Shining One

Annotations:
D:3 2 transporters, Strat's ghost, amateur KoBr


Innate Abilities, Weirdness & Mutations

You cannot wear most types of armour.
You are amphibious.
You can wear up to eight rings at the same time.
Your skin changes colour to match your surroundings (Stealth+).
Your rubbery body absorbs attacks. (AC +1, EV +1)
((You are camouflaged when in or above water. (Stealth+)))
You have tentacles for arms and can constrict up to eight enemies at once.


Message History

H - a glowing ruby potion
Found an escape hatch in the ceiling.
I - a fuming coppery potion The sky beast misses you.
You hit the sky beast but do no damage.
The sky beast is poisoned.
You barely miss the sky beast. The sky beast hits you.
The sky beast shocks you.
You hit the sky beast but do no damage. Your squeeze misses the sky beast.
The sky beast is lightly wounded.
The sky beast flickers out of sight!
Deactivating autopickup; reactivate with Ctrl-A.
Something hits you. Something shocks you.
You closely miss something. Something hits you. Something shocks you.
Your +1 dagger of venom stops dripping with poison.
a - a +0 double sword (weapon)
You closely miss something. Something hits you. Something shocks you.
Something hits you. Something shocks you.
You barely miss something. Your squeeze misses something.
Something barely misses you.
You miss something. You tentacle-slap something. Something hits you.
Something shocks you.
* * * LOW HITPOINT WARNING * * *
You miss something. Something hits you.
* * * LOW HITPOINT WARNING * * *
Something shocks you.
* * * LOW HITPOINT WARNING * * *
Casting: Frozen Ramparts (dangerous; 10% risk of failure)
Confirm with . or Enter, or press ? or * to list all spells.
You can't see any susceptible monsters within range! (Use Z to cast anyway.)
Casting: Frozen Ramparts (dangerous; 10% risk of failure)
Confirm with . or Enter, or press ? or * to list all spells.
Casting: Frozen Ramparts (dangerous; 10% risk of failure)
Press: ? - help, Dir - look around, f - activate The walls around you are covered in ice.
The wall freezes something but does no damage.
Something hits you.
* * * LOW HITPOINT WARNING * * *
Something shocks you.
You die...
Your body crumbles into a pile of gold.

.#####.# #.#.#
....##.# #.#.#
.##.##.# #.#.#
.##.##<# #.#.#
...##### #.#.#
#### #.#.#
#.#.#
##########.#.##
+...{@.....#..#
####
########♣♣.♣♣.#
#..#
#....###♣#'#♣.#
#.##
####.##.['_'..#
#.#
#.##.♣#'#♣##
#.# #.#..♣♣.♣♣#
..# #.........#
### ###########


There were no monsters in sight!

Vanquished Creatures
  Grinder (D:3)
  An orc warrior (D:5)
  3 black bears
  2 sky beasts (D:7)
  An ogre (D:6)
  2 phantoms
  2 bullfrogs
  2 scorpions (D:5)
  A killer bee (D:5)
  4 orc priests
  3 hounds
  A jelly (D:7)
  An iguana (D:6)
  An orc wizard (D:6)
  7 gnolls
  4 adders
  A shadow imp (D:5)
  2 ufetubi (D:7)
  3 worms
  4 dart slugs
  24 orcs
  5 ball pythons
  5 endoplasms
  A giant cockroach (D:1)
  3 goblins
  9 hobgoblins
  A jackal (D:5)
  5 kobolds
  2 quokkas
  3 bats
  2 frilled lizards (D:2)
  8 rats
114 creatures vanquished.

Notes
Turn   | Place    | Note
-------+----------+-------------------------------------------
     0 | D:5      | Esekla the Octopode Delver began the quest for the Orb.
     0 | D:5      | Reached XP level 1. HP: 16/16 MP: 1/1
    33 | D:5      | Found an ornate altar of the Wu Jian Council.
    55 | D:5      | Found a snail-covered altar of Cheibriados.
    83 | D:5      | Found a glowing golden altar of the Shining One.
   153 | D:5      | Noticed a black bear
   156 | D:5      | Found a sparkling altar of Nemelex Xobeh.
   164 | D:5      | Noticed a hound
   191 | D:5      | Found a staircase to the Ecumenical Temple.
   200 | Temple   | Entered the Ecumenical Temple
   212 | Temple   | Became a worshipper of Gozag Ym Sagoz the Greedy
   283 | D:5      | Killed a hound
   284 | D:5      | Reached skill level 7 in Stealth
   284 | D:5      | Reached XP level 2. HP: 16/21 MP: 2/2
   284 | D:5      | Reached XP level 3. HP: 20/26 MP: 3/3
   331 | D:4      | Noticed a gnoll sergeant
  1102 | D:2      | Reached XP level 4. HP: 24/31 MP: 5/5
  1637 | D:1      | Found a faded altar of an unknown god.
  2006 | D:1      | Reached skill level 1 in Spellcasting
  2583 | D:3      | Reached XP level 5. HP: 36/37 MP: 6/6
  2736 | D:3      | Noticed Grinder
  2777 | D:3      | Noticed Strat's ghost (amateur KoBr)
  2798 | D:3      | Found a transporter.
  2812 | D:3      | Learned a level 3 spell: Frozen Ramparts
  2854 | D:3      | Found an iron altar of Okawaru.
  2855 | D:3      | Found a radiant altar of Vehumet.
  2948 | D:3      | Found a transporter.
  2999 | D:3      | Killed Grinder
  3000 | D:3      | Reached skill level 8 in Stealth
  3000 | D:3      | Reached skill level 1 in Ice Magic
  3000 | D:3      | Reached XP level 6. HP: 26/43 MP: 6/8
  3372 | D:4      | Found a basalt altar of Yredelemnul.
  4041 | D:4      | Reached XP level 7. HP: 5/48 MP: 9/9
  4516 | D:5      | Found a sacrificial altar of Ru.
  5251 | D:5      | Reached skill level 5 in Long Blades
  5602 | D:5      | Reached XP level 8. HP: 15/54 MP: 11/11
  5820 | D:6      | Reached skill level 5 in Fighting
  6366 | D:6      | Reached skill level 1 in Short Blades
  7212 | D:7      | Reached XP level 9. HP: 62/62 MP: 13/13
  7235 | D:7      | Found a blossoming altar of Fedhas.
  7481 | D:7      | Slain by a sky beast

Illustrated notes

Levels and vault maps discovered:
D:1:      elethiomel_arrival_quiet, layout_basic,
          shapermc_ecumenical_altar_venn, minmay_bisected
D:2:      mumra_celtic_spiral_tile, layout_basic
D:3:      layout_loops_corners, nicolae_overflow_two_pavilions,
          gammafunk_ghost_stat_death, kennysheep_generic_room_15, uniq_grinder
D:4:      layout_basic, mainiacjoe_overflow_cross_hatched
D:5:      minmay_clustersquares, layout_gridville,
          nemelex_xobeh_ov_fountains_minmay, nicolae_ru_sacrificial_ziggurat,
          general_overflow_altar, nzn_wu_jian_council_hall, lemuel_doored_altar,
          minmay_temple_entry_statues_pillars, hangedman_decor_clover_reticule,
          minivault_19
D:6:      layout_loops_ring
D:7:      layout_loops_ring, nicolae_uskayaw_dance_studio, kennysheep_mini_moat
Temple:   dpeg_three_leaves_temple

Skill      XL: |  1  2  3  4  5  6  7  8  9 |
---------------+----------------------------+-----
Stealth        | 7 8 |  8.8
Spellcasting   | 1 2 3 |  3.2
Fighting       | 4 5 |  5.8
Long Blades    | 3 4 5 6 |  6.2
Ice Magic      | 1 2 3 |  3.3
Dodging        | 3 4 |  4.4
Short Blades   | 1 2 |  2.1
Throwing       | |  0.7
Shields        | |  0.3
Unarmed Combat | |  0.2

Action                     |  1- 3 |  4- 6 |  7- 9 || total
---------------------------+-------+-------+-------++-------
  Melee: Long sword        |    14 |    18 |       ||    32
         Constrict         |     6 |    25 |    26 ||    57
         Dagger            |     9 |    19 |    90 ||   118
         Tentacles         |     8 |    15 |    34 ||    57
         Double sword      |       |    64 |    61 ||   125
         Unarmed           |       |     5 |       ||     5
         Punch             |       |       |     4 ||     4
  Throw: Dart              |       |       |     5 ||     5
         Boomerang         |       |       |     1 ||     1
   Cast: Frozen Ramparts   |       |       |     4 ||     4
    Use: Scroll            |     3 |       |     1 ||     4
         Potion            |       |       |     3 ||     3
   Stab: Sleeping          |     2 |    15 |     6 ||    23
         Distracted        |       |     2 |     4 ||     6
 Armour: Skin              |       |     4 |     5 ||     9
  Dodge: Dodged            |    12 |    48 |    98 ||   158
  Block: Other             |       |       |     7 ||     7

Table legend: (Time is in decaauts)
 A = Elapsed time spent in this place.
 B = Non-inter-level travel time spent in this place.
 C = Inter-level travel time spent in this place.
 D = Time resting spent in this place.
 E = Time spent auto-exploring this place.
 F = Levels seen in this place.
 G = Mean time per level.
                   A        B        C        D        E       F      G
               +--------+--------+--------+--------+--------+-----+--------+
         Total |   7496 |   7298 |    198 |   2007 |   2110 |   8 |  937.0 |
       Dungeon |   7471 |   7285 |    186 |   2007 |   2108 |   7 | 1067.3 |
        Temple |     24 |     12 |     12 |      0 |      2 |   1 |   24.0 |
               +--------+--------+--------+--------+--------+-----+--------+

Top non-repeatable levels by time:
     D:5: 1886 daAuts
     D:4: 1613 daAuts
     D:3: 952 daAuts
     D:7: 905 daAuts
     D:6: 759 daAuts
     D:2: 694 daAuts
     D:1: 659 daAuts
  Temple: 24 daAuts
